 Dungeon Crawl Stone Soup version 0.30-a0-393-g54b8e3be05 (webtiles) character file.

Game seed: 17169664691807736566

50 Shayle the Chopper (level 3, 0/42 HPs)
             Began as a Demonspawn Reaver on Dec 5, 2022.
             Succumbed to an adder's poison
             ... on level 2 of the Dungeon.
             The game lasted 00:03:53 (1068 turns).

Shayle the Chopper (Demonspawn Reaver)              Turns: 1068, Time: 00:03:53

Health: 0/42       AC: 21    Str:  9 (12) XL:     3   Next: 55%
Magic:  3/6        EV:  2    Int: 14 (16) God:
Gold:   67         SH:  0    Dex:  8 (11) Spells: 5/6 levels left

rFire   . . .      SeeInvis .    f - +0 lajatang
rCold   . . .      Faith    .    (shield currently unavailable)
rNeg    . . .      Spirit   +    (body armour currently unavailable)
rPois   +          Reflect  .    (helmet currently unavailable)
rElec   .          Harm     .    (cloak currently unavailable)
rCorr   .          Rampage  .    (gloves currently unavailable)
Will    .....      NoTele   +    (boots currently unavailable)
Stlth   +.........               (no amulet)
HPRegen 0.27/turn                (no ring)
MPRegen 0.20/turn                (no ring)

@: lethally poisoned (0 -> -1), tree-form
A: stationary, stasis, torment immunity, boosted hp, magic shield, magic
regeneration
a: no special abilities


You were on level 2 of the Dungeon.
You were a tree.
You visited 1 branch of the dungeon, and saw 2 of its levels.

You collected 67 gold pieces.

Inventory:

Hand Weapons
 a - a +0 hand axe
 e - a +0 war axe of freezing
 f - a +0 lajatang (weapon)
Armour
 b - a +0 leather armour (melded)
Scrolls
 d - 2 scrolls of vulnerability {unknown}
 g - a scroll of magic mapping {unknown}
 i - a scroll of blinking {unknown}


   Skills:
 + Level 2.6 Fighting
 + Level 3.1 Axes
 + Level 1.2 Armour
 - Level 1.7 Dodging
 + Level 1.3 Stealth
 - Level 2.0 Spellcasting
 - Level 3.0 Conjurations


You had 5 spell levels left.
You knew the following spells:

 Your Spells              Type           Power      Damage    Failure   Level
a - Kiss of Death         Conj/Necr      20%        2d7       13%         1

Your spell library contained the following spells:

 Spells                   Type           Power      Damage    Failure   Level
 Momentum Strike          Conj/Tloc      10%        3d8       19%         2
 Apportation              Tloc           2%         N/A       24%         1
 Necrotise                Necr           4%         1d4       24%         1
 Summon Small Mammal      Summ           4%         N/A       24%         1
 Hailstorm                Conj/Ice       5%         3d4       36%         3


Dungeon Overview and Level Annotations

Branches:
Dungeon (2/15)

Altars:

Shops:
D:1 [


Innate Abilities, Weirdness & Mutations

You are a tree.
Your roots penetrate the ground, keeping you stationary.
You cannot be teleported.
You are immune to unholy pain and torment.
Your maximum health is greatly increased.
Your equipment is partially melded.
When hurt, damage is shared between your health and your magic reserves.
You regenerate magic rapidly.


Message History

You closely miss the adder.
You feel sick. The adder bites you.
You closely miss the adder.
You feel sick. The adder closely misses you.
The adder bites you but does no damage.
You miss the adder.
You feel sick. The adder bites you.
You are more poisoned.
The adder poisons you! The adder barely misses you.
You barely miss the adder.
You feel sick. The adder bites you. x2
You closely miss the adder.
You feel sick. The adder bites you.
* * * LOW HITPOINT WARNING * * *
The adder closely misses you.
You closely miss the adder.
You feel sick. The adder misses you.
It was a potion of degeneration.
There was something very wrong with that liquid.
You feel weakened.
You feel dopey.
You feel clumsy.
You feel sick. The adder bites you.
* * * LOW HITPOINT WARNING * * *
The adder bites you.
* * * LOW HITPOINT WARNING * * *
You are lethally poisoned!
The adder poisons you!
It was a potion of lignification.
You turn into a tree.
Your +0 leather armour melds into your body.
Your roots penetrate the ground.
* * * LOW HITPOINT WARNING * * *
You feel sick. The adder bites you but does no damage.
You barely miss the adder.
* * * LOW HITPOINT WARNING * * *
You feel sick.
The adder bites you but does no damage. x2
You closely miss the adder.
* * * LOW HITPOINT WARNING * * *
You feel sick. The adder barely misses you.
The adder bites you but does no damage.
You miss the adder.
* * * LOW HITPOINT WARNING * * *
You feel sick. The adder bites you but does no damage.
You closely miss the adder.
* * * LOW HITPOINT WARNING * * *
You feel sick.
The adder bites you but does no damage. x2
You miss the adder.
You die...

###.....#
#..#
........+
#..#
####....#
#..####.##
####....#
#........#
.......##
#.########
####.#.#
#.# #....#
###.#
..#...#
###...#
..#.#.#
#.♣.###
.... ....
#.S###
...# #.##
#.# ....+
.. ... .##
.. #


You could see an adder.

Vanquished Creatures
  An adder (D:2)
  A dart slug (D:1)
  A ball python (D:1)
  2 endoplasms
  4 giant cockroaches
  6 goblins (D:1)
  3 hobgoblins (D:2)
  7 jackals (D:1)
  A frilled lizard (D:2)
  2 kobolds (D:1)
  5 rats
33 creatures vanquished.

Notes
Turn   | Place    | Note
-------+----------+-------------------------------------------
     0 | D:1      | Shayle the Demonspawn Reaver began the quest for the Orb.
     0 | D:1      | Reached XP level 1. HP: 16/16 MP: 3/3
    66 | D:1      | Gained mutation: You regenerate magic rapidly. [demonic
                  | ancestry]
    66 | D:1      | Reached XP level 2. HP: 22/22 MP: 5/5
   104 | D:1      | Found Ugodicw's Antique Armour Boutique.
   366 | D:1      | Reached skill level 1 in Stealth
   520 | D:1      | Reached skill level 1 in Armour
   552 | D:1      | Gained mutation: When hurt, damage is shared between your
                  | health and your magic reserves. [demonic ancestry]
   552 | D:1      | Reached XP level 3. HP: 24/28 MP: 6/6
  1065 | D:2      | HP: 2/42 [poisoned by an adder]
  1068 | D:2      | Succumbed to an adder's poison

Illustrated notes

Levels and vault maps discovered:
D:1:      dpeg_arrival_arbitrary_b, layout_loops_cross, serial_shops, shop
D:2:      layout_basic, minmay_close_crescents

Skill      XL: |  1  2 |
---------------+-------+-----
Stealth        | 1 |  1.3
Axes           | 3 |  3.1
Armour         | 1 |  1.2
Fighting       | |  2.6
Dodging        | |  1.7
Spellcasting   | |  2.0
Conjurations   | |  3.0

Action                   || total
-------------------------++-------
Melee: Hand axe          ||    46
       Lajatang          ||    80
  Use: Potion            ||     2
 Stab: Sleeping          ||     2
Armor: Leather armour    ||    35
       Skin              ||     7
Dodge: Dodged            ||    86

Table legend: (Time is in decaauts)
 A = Elapsed time spent in this place.
 B = Non-inter-level travel time spent in this place.
 C = Inter-level travel time spent in this place.
 D = Time resting spent in this place.
 E = Time spent auto-exploring this place.
 F = Levels seen in this place.
 G = Mean time per level.
                   A        B        C        D        E       F      G
               +--------+--------+--------+--------+--------+-----+--------+
         Total |   1106 |   1060 |     46 |      0 |    689 |   2 |  553.0 |
       Dungeon |   1106 |   1060 |     46 |      0 |    689 |   2 |  553.0 |
               +--------+--------+--------+--------+--------+-----+--------+

Top non-repeatable levels by time:
     D:1: 802 daAuts
     D:2: 304 daAuts
